AoeStats
← 笨狸特爱玩

African Clearing

505217542Analyzed
4v4 RM · 25d ago on Sep 8, 2026· 76m 52s· 8 players
Game mode
Random Map
Map size
Large (8 player)
Population
200
Speed
Normal
Resources
Standard
Victory
Conquest
Starting age
Dark Age
Ending age
Imperial Age
RankedLock teamsTeams togetherTeam positionsShared explorationLock speedFull tech treeHidden civsTurbo modeCheats
Victory
Defeat
🇨🇳 Mapuche · China
1354
+15
🇯🇵 Mongols · Japan
1337
+16
🇮🇳 Turks · India
1311
+17
🇺🇸 Magyars · United States
1286
+18
🇹🇷 Maya · Türkiye
1398
-19
🇨🇳 Magyars · China
1345
-17
1311
-16
🇨🇳 Khmer · China
1266
-14
Broken Angel
6:38 Loom
13:51 Feudal Age
14:38 Double-Bit Axe
17:37 Castle Age
16:51 Horse Collar
17:52 Town Watch
18:44 Wheelbarrow
18:45 Bow Saw
24:15 Bloodlines
25:53 Scale Barding Armor
28:55 Chain Barding Armor
29:51 Heavy Plow
30:27 Forging
30:23 Husbandry
32:56 Iron Casting
32:26 Gold Mining
32:28 Stone Mining
33:48 Hand Cart
33:52 Fletching
39:37 Gold Shaft Mining
39:47 Town Patrol
40:03 Bodkin Arrow
43:26 Ballistics
44:46 Murder Holes
50:16 Imperial Age
48:36 Sipahi
48:20 Padded Archer Armor
48:33 Masonry
50:03 Thumb Ring
50:16 Leather Archer Armor
51:00 Fortified Wall
50:31 Treadmill Crane
50:17 Heavy Camel Rider
51:34 Plate Barding Armor
51:46 Conscription
52:50 Two-Man Saw
53:37 Blast Furnace
53:31 Bracer
54:02 Ring Archer Armor
53:54 Bombard Tower
53:19 Arrowslits
55:32 Coinage
55:38 Coinage
54:46 Heavy Cavalry Archer
56:34 Architecture
55:55 Guard Tower
56:48 Parthian Tactics
60:17 Banking
59:23 Capped Ram
61:40 Caravan
61:51 Guilds
61:34 Siege Ram
Lan
11:39 Loom
13:31 Feudal Age
17:30 Castle Age
15:32 Double-Bit Axe
16:01 Fletching
20:14 Bow Saw
27:30 Bodkin Arrow
28:41 Ballistics
31:25 Husbandry
38:35 Imperial Age
36:45 Padded Archer Armor
43:22 Bracer
44:25 Chemistry
44:05 Conscription
53:56 Horse Collar
57:45 Elite Mangudai
61:12 Parthian Tactics
61:42 Drill
63:14 Leather Archer Armor
63:52 Onager
66:52 Wheelbarrow
69:44 Bloodlines
68:55 Light Cavalry
74:20 Nomads
76:16 Scale Barding Armor
76:22 Forging
77:00 Thumb Ring
76:21 Hussar
red
4:29 Loom
12:33 Feudal Age
13:01 Double-Bit Axe
25:08 Castle Age
23:21 Champi Runner
25:46 Scale Mail Armor
25:43 Horse Collar
30:25 Wheelbarrow
34:20 Bow Saw
36:35 Heavy Plow
39:18 Gold Mining
39:39 Pikeman
46:21 Chain Mail Armor
46:16 Forging
46:10 Stone Mining
48:19 Hand Cart
49:22 Gold Shaft Mining
49:23 Stone Shaft Mining
48:57 Town Watch
52:20 Imperial Age
49:36 Arson
50:46 Iron Casting
50:31 Elite Skirmisher
51:14 Padded Archer Armor
51:04 Fletching
52:12 Caravan
52:26 Halberdier
54:27 Blast Furnace
53:57 Plate Mail Armor
54:02 Crop Rotation
53:58 Town Patrol
55:21 Bodkin Arrow
55:41 Leather Archer Armor
55:50 Ballistics
56:30 Chemistry
55:35 Siege Engineers
57:16 Coinage
58:42 Banking
57:43 Elite Bolas Rider
57:56 Champi Warrior
59:35 Conscription
59:20 Malon
60:30 Elite Champi Warrior
61:48 Ring Archer Armor
61:29 Capped Ram
61:49 Elite Champi Warrior
62:50 Butalmapu
62:13 Elite Kona
66:07 Hoardings
66:09 Bombard Tower
69:10 Treadmill Crane
69:40 Masonry
69:19 Arrowslits
77:12 Architecture
笨狸特爱玩
4:16 Loom
14:01 Feudal Age
18:17 Castle Age
16:29 Double-Bit Axe
17:31 Horse Collar
19:58 Bow Saw
26:30 Scale Barding Armor
32:41 Bloodlines
35:29 Wheelbarrow
39:28 Imperial Age
37:37 Gold Mining
38:07 Hand Cart
39:32 Gold Shaft Mining
38:48 Stone Mining
39:33 Chain Barding Armor
39:38 Cavalier
40:19 Husbandry
40:20 Fletching
40:44 Town Watch
41:23 Conscription
42:30 Two-Man Saw
41:16 Paladin
42:32 Plate Barding Armor
43:11 Bodkin Arrow
44:30 Capped Ram
45:49 Ballistics
46:38 Padded Archer Armor
46:42 Scale Mail Armor
46:03 Pikeman
47:05 Bracer
46:46 Halberdier
47:42 Chain Mail Armor
49:29 Chemistry
48:18 Light Cavalry
49:20 Hussar
51:07 Padded Archer Armor
53:51 Onager
58:29 Corvinian Army
61:20 Hoardings
60:50 Elite Magyar Huszar
73:06 Caravan
76:04 Heavy Plow
Мордочка в кефире
12:14 Feudal Age
13:14 Loom
16:28 Double-Bit Axe
20:39 Fletching
26:21 Castle Age
26:09 Bloodlines
26:47 Scale Barding Armor
26:55 Forging
31:32 Horse Collar
36:03 Bodkin Arrow
38:01 Horse Collar
44:25 Bow Saw
46:02 Stone Mining
49:08 Chain Barding Armor
51:23 Imperial Age
49:23 Ballistics
49:41 Wheelbarrow
49:28 Town Watch
50:00 Heavy Plow
50:11 Steppe Husbandry
51:07 Hand Cart
51:25 Elite Steppe Lancer
52:55 Plate Barding Armor
53:03 Iron Casting
58:39 Blast Furnace
61:45 Crop Rotation
66:21 Town Patrol
67:25 Gold Mining
69:12 Two-Man Saw
72:15 Hoardings
72:56 Conscription
西巴老嘛
5:39 Loom
13:48 Feudal Age
16:32 Double-Bit Axe
16:45 Town Watch
17:54 Bloodlines
24:12 Castle Age
23:24 Gold Mining
24:15 Wheelbarrow
25:21 Scale Barding Armor
26:02 Husbandry
29:34 Horse Collar
30:57 Corvinian Army
32:52 Bow Saw
35:17 Gold Shaft Mining
42:24 Imperial Age
40:44 Hand Cart
41:23 Stone Mining
44:13 Conscription
43:13 Elite Magyar Huszar
47:52 Chain Barding Armor
48:25 Heavy Plow
47:55 Cavalier
48:46 Fletching
50:28 Two-Man Saw
51:21 Bodkin Arrow
51:26 Padded Archer Armor
53:54 Parthian Tactics
54:02 Heavy Cavalry Archer
55:26 Bracer
56:43 Thumb Ring
56:50 Recurve Bow
57:07 Leather Archer Armor
57:35 Ballistics
58:15 Chemistry
60:57 Caravan
67:31 Coinage
68:27 Ring Archer Armor
68:05 Siege Engineers
72:20 Banking
hirax34
10:00 Loom
11:46 Feudal Age
17:24 Castle Age
15:51 Double-Bit Axe
16:54 Scale Mail Armor
17:44 Forging
17:36 Eagle Warrior
24:30 Horse Collar
27:46 Fletching
29:34 Squires
30:42 Wheelbarrow
34:14 Pikeman
43:28 Chain Mail Armor
43:49 Heavy Plow
43:40 Arson
44:32 Iron Casting
45:53 Hand Cart
50:02 Imperial Age
47:48 Gold Mining
48:21 Stone Mining
49:05 Town Watch
50:08 Elite Eagle Warrior
51:10 Conscription
51:23 Plate Mail Armor
51:53 Blast Furnace
51:42 Halberdier
53:59 Bodkin Arrow
53:47 Elite Skirmisher
54:33 Thumb Ring
54:30 Padded Archer Armor
56:34 Bracer
56:49 Leather Archer Armor
57:14 Ballistics
58:12 Capped Ram
60:22 Chemistry
59:59 Ring Archer Armor
59:55 Bow Saw
73:06 Masonry
国际悍匪Arosy
5:57 Loom
11:40 Feudal Age
12:33 Double-Bit Axe
12:30 Horse Collar
14:15 Horse Collar
20:43 Castle Age
21:25 Forging
21:20 Scale Barding Armor
21:37 Bow Saw
21:24 Gold Mining
21:53 Husbandry
22:32 Bloodlines
21:42 Light Cavalry
23:05 Wheelbarrow
22:21 Light Cavalry
24:56 Wheelbarrow
25:46 Iron Casting
33:36 Chain Barding Armor
34:02 Fletching
37:05 Imperial Age
37:05 Cavalier
39:32 Plate Barding Armor
40:12 Blast Furnace
41:26 Conscription
42:23 Hussar
44:13 Tusk Swords
46:16 Elite Battle Elephant
47:05 Caravan
47:16 Bodkin Arrow
50:39 Hand Cart
49:52 Elite Ballista Elephant
50:41 Double Crossbow
53:32 Heavy Plow
55:26 Bracer
56:32 Chemistry
56:32 Siege Engineers
56:57 Capped Ram
61:08 Ballistics
61:03 Town Watch
63:06 Masonry
62:18 Siege Ram
67:40 Coinage
72:39 Stone Mining
Connection lost

Rejoining the realm…

Still unreachable

The connection could not be restored.

Session expired

The server has moved on; the page needs a fresh start.